 Dungeon Crawl Stone Soup version 0.27.0-1-g7a089689b8 (webtiles) character file.

Game seed: 8404765046644280358

1539 Lochraine the Digger (level 8, -2/41 HPs)
             Began as a Gargoyle Earth Elementalist on Aug 13, 2021.
             Was a Follower of Kikubaaqudgha.
             Slain by a wyvern skeleton (9 damage)
             ... on level 6 of the Dungeon.
             The game lasted 00:19:28 (8434 turns).

Lochraine the Digger (Gargoyle Earth Elementalist)  Turns: 8434, Time: 00:19:28

Health: -2/41      AC: 12    Str: 13    XL:     8   Next: 86%
Magic:  1/15       EV: 11    Int: 17    God:    Kikubaaqudgha [*.....]
Gold:   358        SH:  0    Dex: 10    Spells: 11/17 levels left

rFire    . . .     SeeInvis .   E - +2 whip (drain)
rCold    . . .     Faith    .   (no shield)
rNeg     + + .     Spirit   .   b - +0 robe
rPois    ∞         Reflect  .   (no helmet)
rElec    +         Harm     .   (no cloak)
rCorr    .         Rampage  +   t - +0 pair of gloves
Will     .....                  L - +3 pair of boots of Spite {Rampage}
Stlth    ++........             (no amulet)
HPRegen  0.13/turn              p - ring of positive energy
MPRegen  0.14/turn              (no ring)

@: about to teleport
A: sickness immunity, AC +5, negative energy resistance 1, electricity
resistance, torment resistance 1, petrification resistance
a: Renounce Religion, Receive Corpses


You were on level 6 of the Dungeon.
You worshipped Kikubaaqudgha.
Kikubaaqudgha was aware of your devotion.
You visited 2 branches of the dungeon, and saw 7 of its levels.
You also visited: Sewer.

You collected 358 gold pieces.

Inventory:

Hand Weapons
 a - a +0 short sword
   (You took it off a kobold on level 1 of the Dungeon)
 m - a +0 dagger of draining
   (You took it off a goblin on level 2 of the Dungeon)
 r - a +1 flail of protection
   (You took it off an orc on level 3 of the Dungeon)
 E - a +2 whip of draining (weapon)
   (You took it off an orc on level 6 of the Dungeon)
Missiles
 d - 23 poisoned darts
 A - a throwing net {!f}
Armour
 b - a +0 robe (worn)
 o - a +0 pair of boots
   (You found it on level 3 of the Dungeon)
 t - a +0 pair of gloves (worn)
   (You found it on level 3 of the Dungeon)
 L - the +3 pair of boots of Spite (worn) {Rampage}
   (You found it on level 6 of the Dungeon)

   Rampage:   It bestows one free step when moving towards enemies.
Jewellery
 p - a ring of positive energy (left hand)
   (You found it on level 3 of the Dungeon)
Wands
 x - a wand of acid (8)
   (You found it on level 4 of the Dungeon)
 K - a wand of charming (9)
   (You found it on level 6 of the Dungeon)
Scrolls
 e - 4 scrolls of vulnerability {unknown}
 h - a scroll of silence {unknown}
 l - a scroll of acquirement {unknown}
 u - a scroll of holy word {unknown}
 w - 3 scrolls of teleportation {@r4}
 y - a scroll of summoning {unknown}
 z - a scroll of immolation {unknown}
 B - a scroll of blinking {unknown}
 C - a scroll of fear {unknown}
 D - a scroll of enchant armour {unknown}
 F - a scroll of torment {unknown}
 H - a scroll of magic mapping {unknown}
 J - a scroll of enchant weapon {unknown}
Potions
 c - a potion of curing {unknown}
 f - a potion of flight {unknown}
 g - a potion of degeneration {unknown}
 i - 2 potions of lignification {!q}
 j - a potion of invisibility {unknown}
 k - a potion of heal wounds {unknown}
 n - 2 potions of cancellation
 q - a potion of magic {unknown}
 s - a potion of attraction {unknown}
 v - 2 potions of brilliance
 G - a potion of mutation {unknown}
 I - a potion of might {unknown}


   Skills:
 - Level 1.5 Dodging
 - Level 2.1 Stealth
 + Level 5.2 Spellcasting
 + Level 4.5 Conjurations
 + Level 3.3 Necromancy
 - Level 3.6 Transmutations
 + Level 7.3 Earth Magic


You had 11 spell levels left.
You knew the following spells:

 Your Spells              Type           Power      Damage    Failure   Level
a - Sandblast             Erth           58%        2d13      1%          1
b - Passwall              Tmut/Erth      19%        N/A       2%          2
c - Stone Arrow           Conj/Erth      48%        3d10      3%          3

Your spell library contained the following spells:

 Spells                   Type           Power      Damage    Failure   Level
 Animate Skeleton         Necr           30%        N/A       3%          1
 Pain                     Necr           60%        1d7       3%          1
 Corpse Rot               Necr/Air       N/A        N/A       11%         2
 Vampiric Draining        Necr           7%         2d7       11%         3
 Petrify                  Tmut/Erth      23%        N/A       14%         4
 Ozocubu's Armour         Ice            4%         N/A       38%         3
 Borgnjor's Vile Clutch   Necr/Erth      11%        N/A       38%         5
 Alistair's Intoxication  Tmut/Pois      6%         N/A       88%         5
 Metabolic Englaciation   Hex/Ice        2%         N/A       98%         5
 Eringya's Noxious Bog    Tmut/Pois      5%         N/A       100%        6
 Simulacrum               Ice/Necr       5%         N/A       100%        6


Dungeon Overview and Level Annotations

Branches:
Dungeon (6/15)             Temple (1/1) D:4           Sewer (visited)

Altars:
Ashenzari
Cheibriados
Elyvilon
Fedhas
Gozag
Kikubaaqudgha
Makhleb
Nemelex Xobeh
Okawaru
Qazlal
Ru
Sif Muna
Vehumet
Wu Jian
Xom
Yredelemnul
Zin
The Shining One

Shops:
D:5 [

Annotations:
D:2 Sigmund
D:5 2 transporters


Innate Abilities, Weirdness & Mutations

You are immune to sickness and miasma.
Your stone body is resilient. (AC +5)
You are immune to poison.
You resist negative energy. (rN+)
You are resistant to electric shocks. (rElec)
You are resistant to unholy torment.
You are immune to petrification.


Message History

Aim: a gnoll, wielding a +0 flail and quivering stones (lightly wounded, 75% to hit)
The stone arrow hits the gnoll.
The gnoll closely misses you.
You don't have enough magic to cast this spell.
You don't have enough magic to cast this spell.
You hit the gnoll. The gnoll hits you with a +0 flail.
You hit the gnoll but do no damage. The gnoll hits you with a +0 flail.
You barely miss the gnoll. The gnoll closely misses you.
You closely miss the gnoll. The gnoll hits you but does no damage.
You hit the gnoll.
You kill the gnoll!
Kikubaaqudgha accepts your kill.
You start resting.
A wyvern skeleton comes into view.
A wyvern skeleton is nearby!
A gnoll comes into view. It is wielding a +0 club.
Aim: a wyvern skeleton (98% to hit)
The stone arrow hits the wyvern skeleton!
The wyvern skeleton barely misses you.
Aim: a gnoll, wielding a +0 club and quivering stones (75% to hit)
The bolt of acid hits the wyvern skeleton!
The wyvern skeleton is splashed with acid.
The acid corrodes the wyvern skeleton!
The bolt of acid hits the gnoll!
The gnoll is splashed with acid.
The acid corrodes the gnoll!
You kill the gnoll!
Kikubaaqudgha accepts your kill.
You hear a shout! x2
The wyvern skeleton bites you but does no damage.
The wyvern skeleton bites you.
* * * LOW HITPOINT WARNING * * *
You whack the wyvern skeleton! The wyvern skeleton misses you.
You barely miss the wyvern skeleton. The wyvern skeleton closely misses you.
The wyvern skeleton misses you.
The gnoll sergeant hits you but does no damage.
You hit the wyvern skeleton.
The wyvern skeleton bites you but does no damage.
The gnoll sergeant hits you from afar with a +0 spear.
* * * LOW HITPOINT WARNING * * *
You barely miss the wyvern skeleton. The wyvern skeleton bites you.
* * * LOW HITPOINT WARNING * * *
The gnoll sergeant hits you from afar with a +0 spear.
* * * LOW HITPOINT WARNING * * *
The wyvern skeleton bites you but does no damage.
Okay, then.
As you read the scroll of teleportation {@r4}, it crumbles to dust.
You feel strangely unstable.
The wyvern skeleton is no longer covered in acid.
The wyvern skeleton bites you!
You die...
Kikubaaqudgha rasps: "You have failed me!
Welcome... oblivion!"

# #. #.#####
#.)...#######
#..).........
#####.#######
#g# #Z# #@#
#.# #.# #.#
#.# #.# #.#
#.######
#......#


You could see a gnoll sergeant and a wyvern skeleton.

Vanquished Creatures
  A steam dragon (D:6)
  3 black bears
  3 ogres
  2 scorpions (D:5)
  A howler monkey (D:6)
  A bullfrog zombie (D:6)
  4 orc priests
  An iguana (D:6)
  8 orc wizards
  10 gnolls
  2 howler monkey skeletons (D:5)
  8 adders
  An ufetubus (D:3)
  An adder skeleton (D:5)
  A worm (D:2)
  2 dart slugs
  25 orcs
  9 endoplasms
  6 giant cockroaches
  7 goblins
  8 hobgoblins
  11 jackals
  16 kobolds
  8 ball pythons
  4 bats
  5 frilled lizards
  9 rats
157 creatures vanquished.

Vanquished Creatures (others)
  A plant (Sewer)
1 creature vanquished.

Grand Total: 158 creatures vanquished

Notes
Turn   | Place    | Note
-------+----------+-------------------------------------------
     0 | D:1      | Lochraine the Gargoyle Earth Elementalist began the quest
                  | for the Orb.
     0 | D:1      | Reached XP level 1. HP: 10/10 MP: 3/3
   137 | D:1      | Reached skill level 1 in Transmutations
   240 | D:1      | Reached XP level 2. HP: 12/15 MP: 0/5
   432 | D:1      | Reached skill level 4 in Earth Magic
  1034 | D:2      | Noticed Sigmund
  1071 | D:2      | Reached XP level 3. HP: 12/19 MP: 0/6
  1609 | D:2      | Learned a level 2 spell: Passwall
  1788 | D:2      | Reached XP level 4. HP: 21/24 MP: 5/8
  2905 | D:3      | Reached XP level 5. HP: 23/28 MP: 7/9
  2975 | D:3      | Found a stormy altar of Qazlal.
  3143 | D:3      | Reached skill level 5 in Earth Magic
  3195 | D:3      | Found a faded altar of an unknown god.
  3378 | D:4      | Found an iron altar of Okawaru.
  3774 | D:4      | Found a staircase to the Ecumenical Temple.
  3789 | Temple   | Entered the Ecumenical Temple
  3838 | Temple   | Became a worshipper of Kikubaaqudgha
  3984 | D:5      | Entered Level 5 of the Dungeon
  3998 | D:5      | Learned a level 3 spell: Stone Arrow
  4011 | D:5      | Found a transporter.
  4057 | D:5      | Noticed a black bear
  4243 | D:5      | Reached skill level 1 in Conjurations
  4243 | D:5      | Reached XP level 6. HP: 10/32 MP: 0/11
  4463 | D:5      | Noticed a black bear
  4504 | D:4      | Killed a black bear
  4505 | D:4      | Reached skill level 1 in Necromancy
  4878 | D:5      | Found a broken altar of Ashenzari.
  5016 | D:5      | Reached XP level 7. HP: 27/36 MP: 8/12
  5233 | D:5      | Found a transporter.
  5364 | D:5      | Found Xirudeahue's Armour Shop.
  5599 | D:5      | Reached skill level 6 in Earth Magic
  5992 | D:6      | Reached XP level 8. HP: 41/41 MP: 10/14
  6094 | D:6      | Found a glowing drain.
  6402 | Sewer    | Entered a sewer
  6418 | Sewer    | Reached * piety under Kikubaaqudgha
  6418 | Sewer    | Received a gift from Kikubaaqudgha
  7833 | D:6      | Reached skill level 7 in Earth Magic
  7900 | D:6      | Reached skill level 5 in Spellcasting
  8144 | D:6      | Identified the +3 pair of boots of Spite {Rampage}
  8434 | D:6      | Slain by a wyvern skeleton

Illustrated notes

Levels and vault maps discovered:
D:1:      dpeg_arrival_tiny_a, layout_loops_ring, chequers_decorated_corner,
          minivault_27
D:2:      layout_basic, uniq_sigmund
D:3:      minmay_chambers_of_threes, layout_basic,
          mainiacjoe_overflow_boulevard, hellmonk_ecumenical_altar_inner_sanctum
D:4:      layout_cave_pools, mainiacjoe_overflow_small_starburst,
          minmay_temple_entry_mini_moons, chequers_serial_rivers_small_b
D:5:      gammafunk_steamed_eel, layout_basic, nicolae_ashenzari_panopticon,
          serial_shops, shop
D:6:      layout_basic, gup_sewer_entry_glass
Temple:   eino_wide_crystal_templ

Skill      XL: |  1  2  3  4  5  6  7  8 |
---------------+-------------------------+-----
Transmutations | 1 2 3 |  3.6
Earth Magic    | 4 5 6 7 |  7.3
Spellcasting   | 3 4 5 |  5.2
Conjurations   | 1 2 3 4 |  4.5
Necromancy     | 1 2 3 |  3.3
Dodging        | |  1.5
Stealth        | |  2.1

Action                   |  1- 3 |  4- 6 |  7- 9 || total
-------------------------+-------+-------+-------++-------
Melee: Short sword       |    37 |       |       ||    37
       Unarmed           |     1 |       |       ||     1
       Dagger            |     1 |   105 |     7 ||   113
       Whip              |       |       |   127 ||   127
Throw: Dart              |    10 |    15 |     4 ||    29
       Throwing net      |       |     1 |       ||     1
 Cast: Sandblast         |    39 |    75 |    46 ||   160
       Passwall          |     1 |       |       ||     1
       Stone Arrow       |       |       |    23 ||    23
Evoke: Wand              |       |     3 |     1 ||     4
  Use: Scroll            |       |     3 |     2 ||     5
       Potion            |       |       |     1 ||     1
 Stab: Sleeping          |     2 |     3 |       ||     5
       Distracted        |       |     1 |       ||     1
Armor: Robe              |    21 |    68 |    68 ||   157
Dodge: Dodged            |    28 |    88 |    73 ||   189
